 Dungeon Crawl Stone Soup version 0.29-a0-317-gd16b76e6b1 (webtiles) character file.

Game seed: 5626129383318776327

21 Ajdolov the Ruffian (level 2, -1/16 HPs)
             Began as a Vine Stalker Cinder Acolyte on Mar 30, 2022.
             Was a High Priest of Ignis.
             Slain by a gnoll
             ... wielding a +0 halberd
              (7 damage)
             ... on level 2 of the Dungeon.
             The game lasted 00:01:08 (915 turns).

Ajdolov the Ruffian (Vine Stalker Cinder Acolyte)    Turns: 915, Time: 00:01:09

Health: -1/16      AC:  3    Str: 16    XL:     2   Next: 87%
Magic:  0/4        EV: 11    Int: 14    God:    Ignis [*****.]
Gold:   90         SH:  0    Dex:  9    Spells: 3/3 levels left

rFire   + . .      SeeInvis +     - Unarmed
rCold   . . .      Faith    .   (no shield)
rNeg    . . .      Spirit   +   a - +0 robe
rPois   .          Reflect  .   k - +0 helmet
rElec   .          Harm     .   (no cloak)
rCorr   .          Rampage  .   (no gloves)
Will    .....                   (no boots)
Stlth   +.........              (no amulet)
HPRegen 0.05/turn               e - ring of see invisible
MPRegen 0.09/turn               (no ring)

@: no status effects
A: fangs 2, magic shield, antimagic bite, no potion heal 2
a: Renounce Religion, Fiery Armour, Foxfire Swarm, Rising Flame


You were on level 2 of the Dungeon.
You worshipped Ignis.
Ignis was extremely pleased with you.
You visited 1 branch of the dungeon, and saw 2 of its levels.

You collected 90 gold pieces.

Inventory:

Armour
 a - a +0 robe (worn)
 k - a +0 helmet (worn)
Jewellery
 e - a ring of see invisible (left hand)
Scrolls
 c - 2 scrolls of teleportation {unknown}
 g - a scroll of immolation {unknown}
 i - a scroll of vulnerability {unknown}
Potions
 b - a potion of might {unknown}
 d - 2 potions of curing {unknown}
 f - a potion of degeneration {unknown}
 h - a potion of attraction {unknown}
 j - a potion of invisibility {unknown}
 l - 3 potions of mutation {unknown}


   Skills:
 + Level 3.0 Fighting
 * Level 3.7 Unarmed Combat
 - Level 1.1 Spellcasting
 - Level 3.0 Fire Magic


You had 3 spell levels left.
You didn't know any spells.
Your spell library contained the following spells:

 Spells                   Type           Power      Damage    Failure   Level
 Scorch                   Fire           18%        2d5       12%         2


Dungeon Overview and Level Annotations

Branches:
Dungeon (2/15)

Altars:


Innate Abilities, Weirdness & Mutations

You have extremely sharp teeth.
When hurt, damage is shared between your health and your magic reserves.
Your bite disrupts and absorbs the magic of your enemies.
Potions cannot restore your health.


Message History

No target in view!
You see here a giant cockroach corpse.
d - 2 bubbling inky potions (gained 1)
You see here a giant cockroach corpse.
A hobgoblin comes into view.
The hobgoblin shouts!
A hobgoblin is nearby!
The hobgoblin closely misses you.
You hit the hobgoblin.
The hobgoblin is severely wounded.
The hobgoblin completely misses you.
You hit the hobgoblin.
You kill the hobgoblin!
No target in view!
You see here a hobgoblin corpse.
Done exploring.
Done exploring.
Done exploring.
There is a stone staircase leading down here.
You climb downwards.
There is a stone staircase leading up here.
A gnoll comes into view. It is wielding a +0 halberd.
The gnoll shouts!
The gnoll closely misses you. The gnoll closely misses you.
You hit the gnoll. You bite the gnoll, but do no damage.
The gnoll is lightly wounded.
You closely miss the gnoll.
The gnoll is lightly wounded.
The gnoll barely misses you.
You hit the gnoll but do no damage.
The gnoll is lightly wounded.
The gnoll hits you with a +0 halberd!
Ouch! That really hurt!
You are too injured to fight recklessly!
You are too injured to fight recklessly!
You barely miss the gnoll. Your bite misses the gnoll.
The gnoll is lightly wounded.
The gnoll hits you with a +0 halberd!
You die...

#####
.#.#.#.#.##
.......<..#
.#.#.#.#@##
......g..#
#.#.#.#.##
#######


You could see a gnoll.

Vanquished Creatures
  A dart slug (D:1)
  2 ball pythons (D:1)
  2 bats (D:1)
  An endoplasm (D:1)
  3 giant cockroaches (D:1)
  3 hobgoblins (D:1)
  A quokka (D:1)
  A kobold (D:1)
  3 rats (D:1)
17 creatures vanquished.

Notes
Turn   | Place    | Note
-------+----------+-------------------------------------------
     0 | D:1      | Ajdolov the Vine Stalker Cinder Acolyte began the quest for
                  | the Orb.
     0 | D:1      | Reached XP level 1. HP: 11/11 MP: 3/3
   353 | D:1      | Reached XP level 2. HP: 10/16 MP: 2/4
   915 | D:2      | Slain by a gnoll

Illustrated notes

Levels and vault maps discovered:
D:1:      minmay_arrival_pointy, layout_rooms
D:2:      layout_loops_cross, shapermc_ecumenical_altar_mp_highgroup,
          basic_altar, st_stairs_13

Skill      XL: |  1  2 |
---------------+-------+-----
Fighting       | 3 |  3.0
Unarmed Combat | |  3.7
Spellcasting   | |  1.1
Fire Magic     | |  3.0

Action                   || total
-------------------------++-------
Melee: Unarmed           ||    68
       Bite              ||    12
       Punch             ||     4
Armor: Robe              ||    20
Dodge: Dodged            ||    48

Table legend: (Time is in decaauts)
 A = Elapsed time spent in this place.
 B = Non-inter-level travel time spent in this place.
 C = Inter-level travel time spent in this place.
 D = Time resting spent in this place.
 E = Time spent auto-exploring this place.
 F = Levels seen in this place.
 G = Mean time per level.
                   A        B        C        D        E       F      G
               +--------+--------+--------+--------+--------+-----+--------+
         Total |    910 |    897 |     13 |      0 |    748 |   2 |  455.0 |
       Dungeon |    910 |    897 |     13 |      0 |    748 |   2 |  455.0 |
               +--------+--------+--------+--------+--------+-----+--------+

Top non-repeatable levels by time:
     D:1: 905 daAuts
     D:2: 5 daAuts
